 Dungeon Crawl Stone Soup version bcrawl-1.38.3 (webtiles) character file.

Game seed: 18310743390922462055

296221 Mrkan the Fighter (level 9, -2/82 HPs)
             Began as a Minotaur Monk on May 26, 2023.
             Was a Believer of Makhleb.
             Slain by an orc warrior
             ... wielding a +0 halberd
              (9 damage)
             ... in a bailey.
             The game lasted 00:10:54 (5944 turns).

Mrkan the Fighter (Minotaur Monk)                   Turns: 5944, Time: 00:10:54

Health: -2/82      AC: 14    Str: 17    XL:     9   Next: 35%
Magic:  0/13       EV:  6    Int:  9    God:    Makhleb [**....]
Gold:   425        SH:  0    Dex: 13    Spells: 8/8 levels left

rFire    . . .     GDR:     29% g - +2 broad axe (distort)
rCold    . . .     SeeInvis .   (no shield)
rNeg     . . .     Gourm    .   D - +0 plate armour (curse)
rPois    .         Faith    .   (helmet restricted)
rElec    .         Spirit   +   l - +0 cloak
rCorr    .         Reflect  .   C - +0 pair of gloves
MR       .....                  (no boots)
Stlth    ..........             d - amulet of guardian spirit
HPRegen  0.23/turn              (no ring)
MPRegen  0.13/turn              (no ring)

@: no status effects
A: retaliatory headbutt, horns 2
a: Minor Destruction, Renounce Religion


You were in a bailey.
You worshipped Makhleb.
Makhleb was pleased with you.
You were not hungry.

You visited 2 branches of the dungeon, and saw 8 of its levels.
You also visited: Bailey.

You collected 425 gold pieces.

Inventory:

Hand Weapons
 f - a +3 flail
 g - a +2 broad axe of distortion (weapon)
 u - the +4 halberd of Might {protect, Int+4 Stlth+, unknown}
   (You found it on level 7 of the Dungeon)

   It grants its wielder temporary protection when it strikes (+7 to AC).
   It affects your intelligence (+4).
   It makes you more stealthy.
 z - the +7 trident of Maolagev {pierce, rC+ SInv, unknown}
   (You found it on level 6 of the Dungeon)

   It will always inflict at least some extra damage.
   This minimum extra damage increases with your current reserve of magical
   power.
   It protects you from cold.
   It lets you see invisible.
 A - the cursed +0 falchion of the Hall of Blades {slice, *Contam Int+6, unknown}
   (You found it on level 5 of the Dungeon)

   It will always inflict at least some extra damage.
   This minimum extra damage increases with your current reserve of magical
   power.
   It affects your intelligence (+6).
   It causes magical contamination when unequipped.
   It has a curse placed upon it.
Missiles
 j - 244 poisoned tomahawks (quivered)
Armour
 l - a +0 cloak (worn)
 C - a +0 pair of gloves (worn)
 D - a cursed +0 plate armour (worn)
Jewellery
 d - an amulet of guardian spirit (around neck)
Scrolls
 h - 3 scrolls of enchant weapon {unknown}
 i - 3 scrolls of identify
 m - a scroll of amnesia {unknown}
 q - 2 scrolls of blinking {unknown}
 r - 4 scrolls of magic mapping {unknown}
 s - 2 scrolls of remove curse
 t - 3 scrolls of enchant armour {unknown}
 w - 2 scrolls of fog {unknown}
 y - a scroll of teleportation {unknown}
Potions
 a - 2 potions of flight
 b - a potion of mutation {unknown}
 c - a potion of degeneration {unknown}
 k - a potion of lignification {unknown}
 n - a potion of curing
Comestibles
 e - 7 rations {!d}


   Skills:
 + Level 8.5 Fighting
 + Level 5.7(7.6) Axes
 - Level 7.7(8.6) Maces & Flails
 - Level 4.3 Armour
 - Level 3.2 Dodging
 - Level 1.7 Stealth
 * Level 7.3 Invocations


You had 8 spell levels left.
You didn't know any spells.
Your spell library contained the following spells:

 Spells                   Type           Power        Failure   Level  Hunger
 Summon Small Mammal      Summ           #...         100%        1    None
 Call Imp                 Summ           #.....       100%        2    ####...
 Call Canine Familiar     Summ           #.......     100%        3    #####..
 Summon Ice Beast         Ice/Summ       #.......     100%        4    ######.
 Summon Lightning Spire   Summ/Air       #.......     100%        5    #######


Dungeon Overview and Level Annotations

Branches:
Dungeon (7/12)             Temple (1/1) D:4
   Lair: D:7-9

Altars:
Ashenzari
Cheibriados
Dithmenos
Elyvilon
Fedhas
Gozag
Hepliaklqana
Kikubaaqudgha
Lugonu
Makhleb
Nemelex Xobeh
Qazlal
Ru
Sif Muna
Trog
Uskayaw
Wu Jian
Xom
Yredelemnul
Zin
The Shining One

Shops:
D:5 }

Annotations:
D:2 1 runed door


Innate Abilities, Weirdness & Mutations

You reflexively headbutt those who attack you in melee.
You have a pair of horns on your head.


Message History

The centaur throws a javelin.
The javelin hits you!
You slash the orc warrior!
The orc warrior looks slightly unstable.
The orc warrior is heavily wounded.
The orc warrior hits you with a +0 halberd!
The centaur throws a javelin.
The javelin hits you but does no damage.
The orc warrior barely misses you.
The orc warrior hits you from afar with a +0 halberd!
The orc warrior disappears!
The orc warrior hits you from afar with a +0 halberd!
There is an open gate here.
The orc warrior hits you from afar with a +0 halberd!
The orc warrior hits you from afar with a +0 halberd!
* * * LOW HITPOINT WARNING * * *
The orc warrior hits you with a +0 glaive!
* * * LOW HITPOINT WARNING * * *
The orc closely misses you.
The orc warrior hits you with a +0 halberd!
You die...

##...........)....
#.......⌠#########
..≈≈≈..≈≈≈≈≈#....#####........
....≈≈≈.≈≈≈≈#...##.)..≈≈≈≈≈≈≈≈
......≈.≈≈≈≈#...#.).≈≈≈.......
....⌠.≈≈.≈≈ #...#.)≈≈))≈≈≈≈≈≈≈
.......≈.≈ #..⌠#.≈≈.≈≈≈.....≈
≈≈≈....≈≈ #.)##.≈)≈≈).≈≈≈≈≈.
≈≈≈≈≈...#####@.#.≈≈)≈)≈≈≈...≈≈
≈≈≈≈≈≈......oo.#.≈.≈≈.≈..⌠.⌠..
)≈≈≈≈≈......o..#.≈....≈..∩∩∩..
≈≈≈≈≈≈......'..#.≈.≈≈.≈..⌠.⌠..
≈≈≈≈≈...#####..#.≈≈.≈.≈≈≈...≈≈
≈≈≈....≈≈ #.)##.≈.≈≈..≈≈≈≈≈.
.......≈c #..⌠#.≈≈.≈≈≈.....≈
....⌠.≈≈. #...#..≈≈..≈≈≈≈≈≈≈
......≈.≈≈ #...#.⌠.≈≈≈.......


You could see 2 orc warriors and an orc.

Vanquished Creatures
  A troll (D:7)
  Sigmund (D:6)
  A black bear (D:6)
  4 orc warriors (Bailey)
  3 ice beasts
  2 ogres
  A phantom (D:6)
  4 bullfrogs
  3 centaurs
  2 scorpions (D:4)
  A water moccasin skeleton (D:5)
  A howler monkey (D:4)
  2 crimson imps (D:4)
  A bullfrog zombie (D:5)
  3 hounds (D:4)
  A bullfrog skeleton (D:4)
  An iguana (D:7)
  5 worker ants
  A hound zombie (D:5)
  A howler monkey zombie (D:3)
  2 worker ant zombies (D:5)
  9 adders
  A shadow imp (D:6)
  3 adder skeletons
  2 worms
  2 dart slugs
  4 leopard geckos
  22 orcs
  A ball python (D:3)
  9 bats
  2 giant cockroaches (D:2)
  6 goblins
  7 hobgoblins
  11 jackals
  13 kobolds
  3 quokkas
  8 frilled lizards
  A jackal zombie (D:4)
  7 rats
152 creatures vanquished.

Notes
Turn   | Place    | Note
-------+----------+-------------------------------------------
     0 | D:1      | Mrkan the Minotaur Monk began the quest for the Orb.
     0 | D:1      | Reached XP level 1. HP: 19/19 MP: 1/1
   104 | D:1      | Reached XP level 2. HP: 27/27 MP: 2/2
   181 | D:1      | Reached skill level 1 in Armour
   403 | D:1      | Reached skill level 4 in Fighting
   847 | D:2      | Reached XP level 3. HP: 33/33 MP: 3/3
  1376 | D:2      | Found a runed door.
  1732 | D:3      | Reached skill level 5 in Maces & Flails
  1732 | D:3      | Reached XP level 4. HP: 26/41 MP: 1/4
  2517 | D:4      | Reached XP level 5. HP: 39/47 MP: 5/5
  2588 | D:4      | Reached skill level 5 in Fighting
  2738 | D:4      | Reached XP level 6. HP: 38/56 MP: 4/6
  3197 | D:4      | Reached XP level 7. HP: 60/62 MP: 7/7
  3299 | D:4      | Found a staircase to the Ecumenical Temple.
  3385 | Temple   | Entered the Ecumenical Temple
  3532 | Temple   | Became a worshipper of Makhleb the Destroyer
  3532 | Temple   | Reached * piety under Makhleb
  3532 | Temple   | Reached ** piety under Makhleb
  3839 | D:5      | Entered Level 5 of the Dungeon
  3893 | D:5      | Reached skill level 6 in Fighting
  3979 | D:5      | Found Gavud's Gadget Emporium.
  4133 | D:5      | Reached skill level 1 in Axes
  4236 | D:5      | Got a buzzing falchion
  4484 | D:6      | Reached XP level 8. HP: 39/71 MP: 5/9
  4582 | D:6      | Got an ivory trident
  4604 | D:6      | Reached skill level 7 in Fighting
  4767 | D:6      | Reached skill level 5 in Invocations
  4829 | D:6      | Noticed Sigmund
  4835 | D:6      | Killed Sigmund
  5256 | D:7      | Noticed a troll
  5281 | D:7      | Killed a troll
  5282 | D:7      | Reached skill level 8 in Fighting
  5282 | D:7      | Reached skill level 5 in Axes
  5282 | D:7      | Reached XP level 9. HP: 62/81 MP: 8/12
  5318 | D:7      | Found a flagged portal.
  5324 | D:7      | Got a transparent halberd
  5327 | Bailey   | Entered a bailey
  5358 | Bailey   | HP: 1/81 [orc/+0 halberd (4)]
  5363 | Bailey   | HP: 3/81 [orc/+0 trident (4)]
  5931 | Bailey   | Found the +6 scimitar of Flaming Death {sticky flame, rF++
                  | rC- MR+}
  5944 | Bailey   | Slain by an orc warrior

Skill      XL: |  1  2  3  4  5  6  7  8  9 |
---------------+----------------------------+-----
Maces & Flails | 4 5 6 7 |  7.7
Armour         | 1 2 3 4 |  4.3
Fighting       | 4 5 6 8 |  8.5
Axes           | 2 5 |  5.7
Invocations    | 3 6 7 |  7.3
Dodging        | |  3.2
Stealth        | |  1.7

Action                   |  1- 3 |  4- 6 |  7- 9 || total
-------------------------+-------+-------+-------++-------
Melee: Mace              |    97 |    15 |       ||   112
       Headbutt          |    10 |    19 |    30 ||    59
       Flail             |       |    86 |    11 ||    97
       Broad axe         |       |       |   151 ||   151
  Use: Scroll            |       |     1 |     1 ||     2
       Potion            |       |       |     7 ||     7
 Stab: Sleeping          |     6 |     1 |       ||     7
  Eat: Chunk             |     5 |     4 |    15 ||    24
       Ration            |       |     1 |       ||     1
Armor: Robe              |    20 |     5 |       ||    25
       Chain mail        |       |     7 |    45 ||    52
       Plate armour      |       |       |   108 ||   108
Dodge: Dodged            |    82 |    74 |   101 ||   257
